 Dungeon Crawl Stone Soup version 0.27-a0-1319-geec4fb4e21 (webtiles) character file.

Game seed: 14095339764452665142

450 Kold the Cudgeller (level 7, -2/41 HPs)
             Began as a Gargoyle Fighter on June 21, 2021.
             Was a Follower of Okawaru.
             Slain by an ogre (10 damage)
             ... on level 5 of the Dungeon.
             The game lasted 00:05:28 (6399 turns).

Kold the Cudgeller (Gargoyle Fighter)               Turns: 6399, Time: 00:05:28

Health: -2/41      AC: 14    Str: 20    XL:     7   Next: 4%
Magic:  8/8        EV:  7    Int:  8    God:    Okawaru [*.....]
Gold:   124        SH: 10    Dex: 17    Spells: 6/6 levels left

rFire    . . .     SeeInvis .   a - +0 flail
rCold    . . .     Faith    .   c - +0 kite shield
rNeg     + . .     Spirit   .   b - +0 scale mail
rPois    ∞         Reflect  .   n - +1 helmet
rElec    +         Harm     .   (no cloak)
rCorr    .         Rampage  .   (no gloves)
Will     .....                  u - +0 pair of boots
Stlth    ..........             (no amulet)
HPRegen  0.13/turn              v - +6 ring of dexterity
MPRegen  0.11/turn              (no ring)

@: studying Evocations
A: sickness immunity, AC +4, negative energy resistance 1, electricity
resistance, torment resistance 1, petrification resistance
a: Renounce Religion, Heroism


You were on level 5 of the Dungeon.
You worshipped Okawaru.
Okawaru was aware of your devotion.
You visited 2 branches of the dungeon, and saw 6 of its levels.

You collected 124 gold pieces.

Inventory:

Hand Weapons
 a - a +0 flail (weapon)
Armour
 b - a +0 scale mail (worn)
 c - a +0 kite shield (worn)
 n - a +1 helmet (worn)
 u - a +0 pair of boots (worn)
Jewellery
 s - a ring of fire
 v - a +6 ring of dexterity (left hand)
Scrolls
 g - a scroll of noise {unknown}
 i - 3 scrolls of identify {unknown}
 j - a scroll of immolation {unknown}
 l - a scroll of fear
 m - a scroll of vulnerability {unknown}
 o - a scroll of teleportation
 p - a scroll of enchant weapon {unknown}
 t - a scroll of holy word {unknown}
Potions
 d - a potion of might
 e - a potion of haste {unknown}
 f - a potion of lignification {unknown}
 h - a potion of attraction
 k - a potion of invisibility
 q - a potion of brilliance {unknown}
 r - 2 potions of degeneration {unknown}


   Skills:
 - Level 3.2 Fighting
 + Level 6.6 Maces & Flails
 - Level 3.2 Armour
 - Level 4.0 Shields
 + Level 2.2 Invocations


You had 6 spell levels left.
You didn't know any spells.
Your spell library contained the following spells:

 Spells                   Type           Power      Damage    Failure   Level
 Corona                   Hex            0%         N/A       99%         1
 Magic Dart               Conj           0%         1d3       99%         1
 Ensorcelled Hibernation  Hex/Ice        0%         N/A       100%        2
 Searing Ray              Conj           0%         3d3       100%        2
 Confusing Touch          Hex            0%         N/A       100%        3
 Dazzling Flash           Conj/Hex       0%         N/A       100%        3
 Tukima's Dance           Hex            0%         N/A       100%        3
 Fulminant Prism          Conj/Hex       0%         3d6       100%        4
 Iskenderun's Mystic Bla  Conj/Tloc      0%         2d3       100%        4


Dungeon Overview and Level Annotations

Branches:
Dungeon (5/15)             Temple (1/1) D:4

Altars:
Ashenzari
Cheibriados
Dithmenos
Elyvilon
Fedhas
Kikubaaqudgha
Makhleb
Nemelex Xobeh
Okawaru
Qazlal
Ru
Sif Muna
Uskayaw
Vehumet
Wu Jian
Xom
Yredelemnul
Zin
The Shining One

Annotations:
D:3 1 runed translucent door, Crazy Yiuf, Eustachio
D:4 Edmund, Robin


Innate Abilities, Weirdness & Mutations

You are immune to sickness and miasma.
Your stone body is resilient. (AC +4)
You are immune to poison.
You resist negative energy. (rN+)
You are resistant to electric shocks. (rElec)
You are resistant to unholy torment.
You are immune to petrification.


Message History

You start resting.
You hear the slow hiss of an avalanche of sand very nearby.
You start resting.
Magic restored.
You start resting.
You hear the slow hiss of an avalanche of sand very nearby.
You start resting.
You hear the slow hiss of an avalanche of sand very nearby.
You start resting.
You hear the hiss of an avalanche of sand very nearby.
You start resting.
You hear the hiss of an avalanche of sand very nearby.
A howler monkey skeleton comes into view.
The howler monkey skeleton moves out of view.
The howler monkey skeleton barely misses you.
You sock the howler monkey skeleton!
The howler monkey skeleton is heavily damaged.
You block the howler monkey skeleton's attack.
The howler monkey skeleton hits you.
You hit the howler monkey skeleton.
The howler monkey skeleton is heavily damaged.
You block the howler monkey skeleton's attack.
You sock the howler monkey skeleton!
You destroy the howler monkey skeleton!
Okawaru accepts your kill.
An ogre comes into view. It is wielding a +0 giant club.
The ogre shouts!
The ogre hits you with a +0 giant club!
You sock the ogre!
The ogre is heavily wounded.
The ogre hits you with a +0 giant club!!
Ouch! That really hurt!
* * * LOW HITPOINT WARNING * * *
You hit the ogre.
The ogre is severely wounded.
You block the ogre's attack.
You barely miss the ogre.
The ogre is severely wounded.
The ogre hits you with a +0 giant club!
You die...

... #.# #..#.....# ## #.#
#.# #..#.#.#.#.
...####.#####.###..#.....#.
##...................#.....
..........########.....#.#.
###.###.### #.#.#.....
#...### #.....#...
#.##.....# #.#.......
#......#@# #.....#.##
###.####O# ##...#.## #. #.#
#####.### .. #.# #.(.. ##.
... ####. #.# #. #.# #. #.#
#. #.


You could see an ogre.

Vanquished Creatures
  An ice beast (D:5)
  A scorpion (D:5)
  A water moccasin skeleton (D:4)
  A jelly (D:3)
  A hound (D:5)
  An iguana (D:4)
  Natasha (thrice) (D:2)
  2 adders
  A howler monkey skeleton (D:5)
  A worm (D:2)
  2 dart slugs
  An orc (D:4)
  6 ball pythons
  4 endoplasms
  4 giant cockroaches
  9 goblins
  7 hobgoblins
  A quokka (D:1)
  3 bats
  4 frilled lizards
  6 kobolds
  2 rats
62 creatures vanquished.

Notes
Turn   | Place    | Note
-------+----------+-------------------------------------------
     0 | D:1      | Kold the Gargoyle Fighter began the quest for the Orb.
     0 | D:1      | Reached XP level 1. HP: 14/14 MP: 1/1
   722 | D:1      | Reached XP level 2. HP: 19/19 MP: 2/2
   795 | D:1      | Found a faded altar of an unknown god.
  1782 | D:2      | Noticed Natasha
  1787 | D:2      | Noticed a crimson imp
  2286 | D:2      | Reached XP level 3. HP: 3/23 MP: 3/3
  2613 | D:2      | Killed Natasha
  2614 | D:2      | Reached skill level 3 in Maces & Flails
  2717 | D:2      | Reached XP level 4. HP: 28/28 MP: 4/4
  2772 | D:2      | Noticed Natasha
  2777 | D:2      | Killed Natasha
  2778 | D:2      | Reached skill level 4 in Maces & Flails
  2781 | D:2      | Noticed Natasha
  2785 | D:2      | Killed Natasha
  3702 | D:3      | Reached XP level 5. HP: 31/32 MP: 5/5
  3814 | D:3      | Found a runed translucent door.
  3815 | D:3      | Noticed Crazy Yiuf
  4524 | D:4      | Noticed Eustachio
  4628 | D:4      | Found a staircase to the Ecumenical Temple.
  4648 | Temple   | Entered the Ecumenical Temple
  4699 | Temple   | Became a worshipper of Warmaster Okawaru
  4840 | D:3      | Reached skill level 5 in Maces & Flails
  5484 | D:4      | Noticed a two-headed ogre
  5655 | D:4      | Reached XP level 6. HP: 37/37 MP: 6/6
  6003 | D:4      | Noticed Robin
  6004 | D:4      | Noticed Edmund
  6012 | D:5      | Entered Level 5 of the Dungeon
  6023 | D:5      | Reached skill level 6 in Maces & Flails
  6098 | D:5      | Noticed an ice beast
  6118 | D:5      | Reached * piety under Okawaru
  6119 | D:5      | Reached skill level 1 in Invocations
  6133 | D:5      | Killed an ice beast
  6134 | D:5      | Reached XP level 7. HP: 11/41 MP: 5/8
  6399 | D:5      | Slain by an ogre

Illustrated notes

Levels and vault maps discovered:
D:1:      giann_wishing_wells, layout_basic,
          shapermc_ecumenical_altar_flowoftime
D:2:      layout_basic, uniq_natasha
D:3:      layout_loops_ring, uniq_crazy_yiuf_cottage
D:4:      layout_loops_ring, minmay_temple_entry_large_hall,
          serial_co_window_serial, co_window_paths_a, co_window_paths_a,
          co_window_paths_a, co_window_of_opportunity_a, co_window_paths_a,
          co_window_paths_a, co_window_corner_a, co_window_of_opportunity_b,
          co_window_2corner, co_window_cross_2, glass_columns_c,
          glass_columns_b, glass_columns_b, minmay_manual_monstrance,
          uniq_robin, uniq_edmund, uniq_eustachio
D:5:      layout_loops_ring, nicolae_ossuary_entry_catacombs,
          hangedman_decor_points
Temple:   grunt_wide_crystal_templ

Skill      XL: |  1  2  3  4  5  6 |
---------------+-------------------+-----
Shields        | 4 |  4.0
Maces & Flails | 3 4 5 6 |  6.6
Invocations    | 2 |  2.2
Fighting       | |  3.2
Armour         | |  3.2

Action                   |  1- 3 |  4- 6 |  7- 9 || total
-------------------------+-------+-------+-------++-------
Melee: Flail             |   135 |   169 |     6 ||   310
Invok: Heroism           |       |     1 |       ||     1
  Use: Scroll            |       |     2 |       ||     2
       Potion            |       |     2 |       ||     2
 Stab: Invisible         |       |     4 |       ||     4
Armor: Scale mail        |    82 |    88 |       ||   170
Dodge: Dodged            |    42 |    57 |     1 ||   100
Block: Kite shield       |    76 |    93 |     3 ||   172

Table legend: (Time is in decaauts)
 A = Elapsed time spent in this place.
 B = Non-inter-level travel time spent in this place.
 C = Inter-level travel time spent in this place.
 D = Time resting spent in this place.
 E = Time spent auto-exploring this place.
 F = Levels seen in this place.
 G = Mean time per level.
                   A        B        C        D        E       F      G
               +--------+--------+--------+--------+--------+-----+--------+
         Total |   6542 |   6080 |    462 |   1607 |   3590 |   6 | 1090.3 |
       Dungeon |   6481 |   6033 |    448 |   1607 |   3545 |   5 | 1296.2 |
        Temple |     60 |     46 |     14 |      0 |     45 |   1 |   60.0 |
               +--------+--------+--------+--------+--------+-----+--------+

Top non-repeatable levels by time:
     D:1: 2152 daAuts
     D:2: 1574 daAuts
     D:4: 1303 daAuts
     D:3: 1053 daAuts
     D:5: 398 daAuts
  Temple: 60 daAuts
